 Dungeon Crawl Stone Soup version 0.27.1-16-g815e20cd7a (webtiles) character file.

Game seed: 7495020070698044623

184 pkoi the Conjurer (level 5, -2/60 HPs)
             Began as a Draconian Conjurer on Nov 23, 2021.
             Was an Initiate of Vehumet.
             Slain by a killer bee (4 damage)
             ... on level 4 of the Dungeon.
             The game lasted 00:05:09 (4707 turns).

pkoi the Conjurer (Draconian Conjurer)              Turns: 4707, Time: 00:05:10

Health: -2/60      AC: 22    Str:  9    XL:     5   Next: 36%
Magic:  1/8        EV:  2    Int: 20    God:    Vehumet [......]
Gold:   157        SH:  0    Dex:  9    Spells: 5/8 levels left

rFire    . . .     SeeInvis .   a - staff of cold
rCold    + . .     Faith    .   (no shield)
rNeg     + + +     Spirit   .   (armour unavailable)
rPois    +         Reflect  .   (helmet currently unavailable)
rElec    .         Harm     .   (cloak currently unavailable)
rCorr    .         Rampage  .   (gloves currently unavailable)
Will     .....     NoTele   +   (boots currently unavailable)
Stlth    ++........             (no amulet)
HPRegen  0.20/turn              (no ring)
MPRegen  0.11/turn              (no ring)

@: lethally poisoned (-2 -> -7), tree-form
A: stationary, stasis, torment immunity, boosted hp, AC +5, unfitting armour,
(cold-blooded)
a: Renounce Religion


You were on level 4 of the Dungeon.
You worshipped Vehumet.
Vehumet was noncommittal.
You were a tree.
You visited 2 branches of the dungeon, and saw 5 of its levels.

You collected 157 gold pieces.

Inventory:

Hand Weapons
 h - a +2 spear of venom
Magical Staves
 a - a staff of cold (weapon)
 d - a staff of fire
Jewellery
 c - a ring of positive energy
Potions
 j - a potion of mutation {unknown}


   Skills:
 - Level 1.3 Fighting
 + Level 2.4 Staves
 + Level 2.4 Dodging
 - Level 1.7 Stealth
 + Level 2.4 Spellcasting
 * Level 5.3 Conjurations


You had 5 spell levels left.
You knew the following spells:

 Your Spells              Type           Power      Damage    Failure   Level
a - Magic Dart            Conj           92%        1d7       1%          1
b - Searing Ray           Conj           46%        3d4       2%          2

Your spell library contained the following spells:

 Spells                   Type           Power      Damage    Failure   Level
 Dazzling Flash           Conj/Hex       26%        N/A       16%         3
 Corpse Rot               Necr/Air       N/A        N/A       22%         2
 Poisonous Vapours        Pois/Air       4%         N/A       22%         2
 Fulminant Prism          Conj/Hex       6%         3d7       45%         4
 Iskenderun's Mystic Bla  Conj/Tloc      13%        2d5       45%         4
 Freezing Cloud           Conj/Ice/Air   7%         6-21      90%         5
 Blade Hands              Tmut           1%         N/A       99%         5
 Iron Shot                Conj/Erth      6%         9d2       100%        6
 Animate Armour           Summ/Erth      Unusable   N/A       N/A         4

Dungeon Overview and Level Annotations

Branches:
Dungeon (4/15)             Temple (1/1) D:4

Altars:
Ashenzari
Cheibriados
Elyvilon
Fedhas
Gozag
Hepliaklqana
Kikubaaqudgha
Makhleb
Nemelex Xobeh
Okawaru
Qazlal
Ru
Sif Muna
Trog
Uskayaw
Vehumet
Wu Jian
Xom
Yredelemnul
Zin
The Shining One


Innate Abilities, Weirdness & Mutations

You are a tree.
Your roots penetrate the ground, keeping you stationary.
You cannot be teleported.
You are immune to unholy pain and torment.
Your maximum health is greatly increased.
Your equipment is partially melded.
((Your plain brown scales are hard. (AC +5)))
You cannot fit into any form of body armour.
((You are cold-blooded and may be slowed by cold attacks.))


Message History

* * * LOW HITPOINT WARNING * * *
The killer bee stings you but does no damage.
Aiming: Magic Dart (safe; 1% risk of failure)
Press: ? - help, Q - select action, (/) - cycle Shift-Dir - straight line, f - killer bee
Aim: a killer bee (moderately wounded, 100% to hit)
The magic dart hits the killer bee.
The killer bee is heavily wounded.
The killer bee stings you but does no damage.
The killer bee stings you.
* * * LOW HITPOINT WARNING * * *
It was a potion of curing.
You feel better.
The killer bee stings you but does no damage.
The killer bee completely misses you.
As you read the scroll labelled TOSICADALEX, it crumbles to dust.
Wisps of shadow whirl around you...
It was a scroll of summoning.
The killer bee stings you but does no damage. x2
The killer bee stings you but does no damage. x2
You closely miss the killer bee.
The killer bee is heavily wounded.
The killer bee stings you but does no damage.
The killer bee stings you.
* * * LOW HITPOINT WARNING * * *
You miss the killer bee.
The killer bee is heavily wounded.
The killer bee stings you but does no damage.
The killer bee stings you.
* * * LOW HITPOINT WARNING * * *
The killer bee stings you but does no damage.
You miss the killer bee.
The killer bee is heavily wounded.
The killer bee stings you.
* * * LOW HITPOINT WARNING * * *
You are lethally poisoned!
The killer bee poisons you!
The killer bee stings you but does no damage.
You closely miss the killer bee.
The killer bee is heavily wounded.
* * * LOW HITPOINT WARNING * * *
You feel sick. The killer bee stings you.
You die...

#..###.########.#
#....#..........#
###############.###
..................#
###################
#...........#
###.#########.#
....# #.##########
##### #.#S♣yy.....
#.#g#######. #.#l#
#.#.# #.#.######
#..........
###.####### #...
#####


You could see 2 killer bees, a friendly iguana (summoned), a friendly adder
(summoned) and a friendly hobgoblin (summoned).

Vanquished Creatures
  A killer bee (D:4)
  A centaur zombie (D:4)
  2 adders
  A gnoll (D:1)
  A shadow imp (D:4)
  A dart slug (D:1)
  8 ball pythons
  6 endoplasms
  6 giant cockroaches
  6 goblins
  11 hobgoblins
  4 kobolds
  5 quokkas
  6 bats
  2 frilled lizards
  3 rats
64 creatures vanquished.

Vanquished Creatures (others)
  12 plants (D:1)
12 creatures vanquished.

Grand Total: 76 creatures vanquished

Notes
Turn   | Place    | Note
-------+----------+-------------------------------------------
     0 | D:1      | pkoi the Draconian Conjurer began the quest for the Orb.
     0 | D:1      | Reached XP level 1. HP: 14/14 MP: 3/3
   143 | D:1      | You fall into a shaft and drop 1 floor!
   321 | D:2      | Reached XP level 2. HP: 20/20 MP: 3/5
   372 | D:2      | Reached skill level 1 in Staves
  1397 | D:1      | Reached XP level 3. HP: 26/26 MP: 2/6
  1569 | D:1      | Found a faded altar of an unknown god.
  1607 | D:1      | Learned a level 2 spell: Searing Ray
  3336 | D:3      | Reached XP level 4. HP: 34/34 MP: 3/7
  3640 | D:4      | Found a staircase to the Ecumenical Temple.
  3686 | Temple   | Entered the Ecumenical Temple
  3953 | Temple   | Became a worshipper of Vehumet
  4008 | D:4      | Reached skill level 1 in Fighting
  4008 | D:4      | Reached skill level 5 in Conjurations
  4401 | D:4      | Reached XP level 5. HP: 40/40 MP: 5/8
  4707 | D:4      | HP: 2/60 [poisoned by a killer bee]
  4707 | D:4      | Slain by a killer bee

Illustrated notes

Levels and vault maps discovered:
D:1:      tarquinn_simple_flora_water_e, layout_loops_ring,
          ebering_ecumenical_altar_rust, serial_bayou, serial_bayou_shore_b,
          serial_bayou_pond_d, serial_bayou_lagoon_b, serial_bayou_pond_d
D:2:      layout_basic
D:3:      layout_loops_cross
D:4:      layout_basic, minmay_temple_entry_junction
Temple:   nicolae_temple_the_god_donut

Skill      XL: |  1  2  3  4 |
---------------+-------------+-----
Staves         | 1 2 |  2.4
Dodging        | 2 |  2.4
Fighting       | 1 |  1.3
Conjurations   | 5 |  5.3
Stealth        | |  1.7
Spellcasting   | |  2.4

Action                   |  1- 3 |  4- 6 || total
-------------------------+-------+-------++-------
Melee: Staff             |       |    20 ||    20
       Tailslap          |       |     1 ||     1
 Cast: Magic Dart        |    87 |    46 ||   133
       Searing Ray       |     2 |     1 ||     3
  Use: Scroll            |       |     4 ||     4
       Potion            |       |     2 ||     2
Armor: Skin              |     4 |    41 ||    45
Dodge: Dodged            |     7 |    23 ||    30
